 Dungeon Crawl Stone Soup version 0.29-a0-1016-g236c7fd91e (webtiles) character file.

Game seed: 10767842644012745911

52 frimble the Digger (level 3, -3/27 HPs)
             Began as a Demonspawn Earth Elementalist on Aug 9, 2022.
             Slain by Sigmund
             ... wielding a +2 antimagic scythe
              (13 damage)
             ... on level 3 of the Dungeon.
             The game lasted 00:02:53 (1959 turns).

frimble the Digger (Demonspawn Earth Elementalist)  Turns: 1959, Time: 00:02:54

Health: -3/27      AC:  3    Str:  8    XL:     3   Next: 60%
Magic:  4/6        EV: 12    Int: 16    God:
Gold:   112        SH:  0    Dex: 15    Spells: 5/6 levels left

rFire   . . .      SeeInvis .   c - +0 short sword (vorpal)
rCold   . . .      Faith    .   (no shield)
rNeg    . . .      Spirit   .   a - +1 robe
rPois   .          Reflect  .   (no helmet)
rElec   .          Harm     .   (no cloak)
rCorr   .          Rampage  .   (no gloves)
Will    .....                   (no boots)
Stlth   ++........              (no amulet)
HPRegen 0.09/turn               (no ring)
MPRegen 0.10/turn               (no ring)

@: on berserk cooldown, slowed, very slow
A: sturdy frame 1, demonic touch 1
a: no special abilities


You were on level 3 of the Dungeon.
You visited 1 branch of the dungeon, and saw 3 of its levels.

You collected 112 gold pieces.

Inventory:

Hand Weapons
 c - a +0 vorpal short sword (weapon)
Missiles
 i - a throwing net
Armour
 a - a +1 robe (worn)
Jewellery
 g - an amulet of magic regeneration
 m - a +4 ring of protection
Scrolls
 b - a scroll of teleportation
 d - a scroll of immolation
 e - a scroll of brand weapon
 h - a scroll of amnesia


   Skills:
 + Level 2.1 Fighting
 - Level 1.8 Dodging
 - Level 1.8 Stealth
 - Level 2.0 Spellcasting
 - Level 0.9 Transmutations
 + Level 3.5 Earth Magic


You had 5 spell levels left.
You knew the following spells:

 Your Spells              Type           Power      Damage    Failure   Level
a - Sandblast             Erth           24%        2d8       4%          1

Your spell library contained the following spells:

 Spells                   Type           Power      Damage    Failure   Level
 Passwall                 Tmut/Erth      6%         N/A       13%         2
 Stone Arrow              Conj/Erth      14%        3d7       30%         3
 Petrify                  Tmut/Erth      8%         N/A       63%         4


Dungeon Overview and Level Annotations

Branches:
Dungeon (3/15)

Altars:

Annotations:
D:3 Sigmund


Innate Abilities, Weirdness & Mutations

Your movements are slightly less encumbered by armour. (ER -2)
Your touch may inflict minor irresistible damage on your foes.


Message History

A red film seems to cover your vision as you go berserk!
You feel yourself moving faster!
You feel mighty!
Sigmund hits you from afar with a +2 antimagic scythe!
You feel your power leaking away. The hobgoblin barely misses you.
You feel a strong urge to attack something.
You feel your anger nearly subside.
You are no longer berserk.
You are exhausted.
You feel yourself slow down.
Aiming: Sandblast (safe; 4% risk of failure)
Press: ? - help, Q - select action, (/) - cycle Shift-Dir - straight line, f - hobgoblin
Aim: a hobgoblin (blue smoke, inner flame, 82% to hit)
The blast of sand hits the hobgoblin.
Flame seeps out of the hobgoblin.
The hobgoblin is severely wounded.
The hobgoblin hits you. Sigmund hits you but does no damage.
The hobgoblin closely misses you. The hobgoblin closely misses you.
The hobgoblin barely misses you.
You aren't carrying any potions.
Unknown command.
Okay, then.
The hobgoblin attacks as you move away! The hobgoblin hits you.
The hobgoblin hits you but does no damage.
The hobgoblin attacks as you move away!
The hobgoblin hits you but does no damage.
The hobgoblin hits you. The hobgoblin closely misses you.
The hobgoblin attacks as you move away! The hobgoblin barely misses you.
The hobgoblin's inner flame fades away.
Sigmund mumbles some strange words.
Sigmund flickers and vanishes!
Deactivating autopickup; reactivate with Ctrl-A.
The hobgoblin closely misses you.
Aiming: Sandblast (safe; 4% risk of failure)
Press: ? - help, Q - select action, (/) - cycle Shift-Dir - straight line, f/p - hobgoblin
Aim: a hobgoblin (severely wounded, 82% to hit)
The blast of sand hits the hobgoblin but does no damage.
The hobgoblin is severely wounded.
The hobgoblin barely misses you. The hobgoblin hits you. Something hits you!
You die...

#§§@.##........
#@##.##........
#§######.......
#§#@...#######.
#§#.##.# #@#..#.#
#§##@#.# #.@..#g#
######@# #......#
####### #.######
#...... #.#....#
#.##### #.#.##.#
#.##### #.#..#.#
#.##... #.##.#.#
#.##.##
#...†#.##########.##.##
######.#.............(.


You could see a hobgoblin.

Vanquished Creatures
  2 gnolls
  A worm (D:3)
  3 orcs
  A bat (D:1)
  An endoplasm (D:1)
  2 giant cockroaches (D:1)
  5 goblins
  3 hobgoblins
  A ball python (D:3)
  4 kobolds
  A rat (D:3)
24 creatures vanquished.

Notes
Turn   | Place    | Note
-------+----------+-------------------------------------------
     0 | D:1      | frimble the Demonspawn Earth Elementalist began the quest
                  | for the Orb.
     0 | D:1      | Reached XP level 1. HP: 13/13 MP: 3/3
   105 | D:1      | Reached skill level 1 in Fighting
   105 | D:1      | Reached skill level 3 in Earth Magic
   105 | D:1      | Gained mutation: Your movements are slightly less
                  | encumbered by armour. (ER -2) [demonic ancestry]
   105 | D:1      | Reached XP level 2. HP: 10/21 MP: 1/5
   716 | D:1      | Found a faded altar of an unknown god.
  1215 | D:2      | Gained mutation: Your touch may inflict minor irresistible
                  | damage on your foes. [demonic ancestry]
  1215 | D:2      | Reached XP level 3. HP: 27/27 MP: 4/6
  1925 | D:3      | Noticed Sigmund
  1959 | D:3      | Slain by Sigmund

Illustrated notes

Levels and vault maps discovered:
D:1:      dpeg_arrival_shrine, layout_basic, shapermc_ecumenical_altar_acropolis
D:2:      layout_rooms, uniq_natasha, uniq_jessica
D:3:      layout_loops_cross, chequers_serial_rivers_micro_d, st_stairs_10,
          patterned_corridor, uniq_sigmund

Skill      XL: |  1  2  3 |
---------------+----------+-----
Fighting       | 1 2 |  2.1
Earth Magic    | 3 |  3.5
Dodging        | |  1.8
Stealth        | |  1.8
Spellcasting   | |  2.0
Transmutations | |  0.9

Action                   || total
-------------------------++-------
Melee: Short sword       ||    48
       Punch             ||     1
 Cast: Sandblast         ||    29
  Use: Potion            ||     3
       Scroll            ||     6
Armor: Robe              ||    16
       Skin              ||    24
Dodge: Dodged            ||    50

Table legend: (Time is in decaauts)
 A = Elapsed time spent in this place.
 B = Non-inter-level travel time spent in this place.
 C = Inter-level travel time spent in this place.
 D = Time resting spent in this place.
 E = Time spent auto-exploring this place.
 F = Levels seen in this place.
 G = Mean time per level.
                   A        B        C        D        E       F      G
               +--------+--------+--------+--------+--------+-----+--------+
         Total |   1998 |   1985 |     13 |    268 |   1465 |   3 |  666.0 |
       Dungeon |   1998 |   1985 |     13 |    268 |   1465 |   3 |  666.0 |
               +--------+--------+--------+--------+--------+-----+--------+

Top non-repeatable levels by time:
     D:1: 1229 daAuts
     D:3: 753 daAuts
     D:2: 15 daAuts
